 Dungeon Crawl Stone Soup version 0.30.0-5-g1a98f26d00 (webtiles) character file.

Game seed: 14035253990359525741

35 Acheron the Sneak (level 3, -5/30 HPs)
             Began as a Ghoul Brigand on May 8, 2023.
             Slain by an orc priest
             ... wielding a +0 flail
              (8 damage)
             ... on level 3 of the Dungeon.
             The game lasted 00:04:06 (1184 turns).

Acheron the Sneak (Ghoul Brigand)                   Turns: 1184, Time: 00:04:07

Health: -5/30      AC:  4    Str: 14    XL:     3   Next: 33%
Magic:  2/2        EV: 12    Int:  6    God:
Gold:   37         SH:  0    Dex: 12    Spells: 1/2 levels left

rFire   . . .        g - +3 hand axe (elec)
rCold   + . .        (no shield)
rNeg    + + +        b - +0 robe
rPois   ∞            (no helmet)
rElec   .            c - +0 cloak
rCorr   .            j - +0 pair of gloves
SInv    .            (no boots)
Will    .....        (no amulet)
Stlth   +++          (no ring)
HPRegen 0.00/turn    (no ring)
MPRegen 0.08/turn

%: no passive effects
@: inhibited regen
A: claws 1, cold resistance 1, negative energy resistance 3, inhibited
regeneration, torment resistance 2, devour on kill
a: no special abilities


You were on level 3 of the Dungeon.
You visited 1 branch of the dungeon, and saw 4 of its levels.

You collected 37 gold pieces.

Inventory:

Hand Weapons
 a - a +2 dagger
 g - a +3 hand axe of electrocution (weapon)
Missiles
 d - 12 poisoned darts (quivered)
 e - 3 curare-tipped darts
Armour
 b - a +0 robe (worn)
 c - a +0 cloak (worn)
 j - a +0 pair of gloves (worn)
Wands
 n - a wand of digging (6)
Scrolls
 f - a scroll of teleportation
Potions
 i - 2 potions of might {unknown}
 l - 2 potions of attraction {unknown}
 o - a potion of flight {unknown}


   Skills:
 * Level 2.4 Fighting
 - Level 1.9 Short Blades
 * Level 0.1 Axes
 * Level 2.0 Throwing
 * Level 1.3 Dodging
 * Level 5.1 Stealth


You had one spell level left.
You knew the following spells:

 Your Spells              Type           Power      Damage    Failure   Level
a - Apportation           Tloc           0%         N/A       45%         1

Your spell library contained the following spells:

 Spells                   Type           Power      Damage    Failure   Level
 Shock                    Conj/Air       0%         1d3       45%         1
 Swiftness                Air            0%         N/A       83%         3
 Airstrike                Air            0%         2d(0-16)  99%         4
 Alistair's Intoxication  Tmut/Pois      0%         N/A       100%        5


Dungeon Overview and Level Annotations

Branches:
Dungeon (4/15)
 Temple: D:4-7

Altars:
Ru
Xom


Innate Abilities, Weirdness & Mutations

You are immune to poison.
You have sharp fingernails.
Your flesh is cold resistant. (rC+)
You are immune to negative energy. (rN+++)
You do not regenerate when monsters are visible.
You are immune to unholy pain and torment.
You thrive by killing the living.


Message History

You hit the orc. Lightning courses through the orc!
You kill the orc!
Things that are here:
a +0 dagger; a +0 leather armour An orc and an orc priest come into view.
The orc shouts!
The orc priest shouts!
The orc priest looks satisfied for a moment.
The orc hits you but does no damage.
You barely miss the orc. The orc hits you but does no damage.
You closely miss the orc. The orc closely misses you.
You hit the orc.
The orc is severely wounded.
The orc priest looks braver for a moment.
The orc misses you. The orc barely misses you.
You hit the orc.
You kill the orc!
You completely miss the orc priest.
You feel your willpower return.
The orc priest calls down the wrath of Beogh upon you.
Beogh smites you!
You hit the orc priest but do no damage.
The orc priest closely misses you. The orc priest barely misses you.
You hit the orc priest but do no damage.
The orc priest misses you.
You closely miss the orc priest. The orc priest closely misses you.
You barely miss the orc priest.
The orc priest looks braver for a moment.
You closely miss the orc priest. The orc priest misses you.
The orc priest closely misses you.
You barely miss the orc priest.
The orc priest hits you with a +0 flail!
* * * LOW HITPOINT WARNING * * *
You hit the orc priest.
The orc priest is moderately wounded.
The orc priest hits you with a +0 flail.
* * * LOW HITPOINT WARNING * * *
You hit the orc priest. Your punch misses the orc priest.
The orc priest is moderately wounded.
The orc priest hits you with a +0 flail!
You die...

#.# #.........# #.#
#.#######.# #.#####.## #.#
######## #........# #.#
#...[... #........# #.#
##.≈.8.≈. #........# #.#
##..≈...≈. #.......## #)#
#.†.≈≈.≈≈. ###############.#
#.#.≈≈.≈≈. ......o@.#
#.#.≈≈.≈≈.
####################.#.≈≈_≈≈.
..................>....≈≈≈≈≈.
!######.##########.###..≈≈≈..
#.# #.# #....... #.# #.#
#.###### #.# #.# #....... #.#
#.# #.###### ...#######.# #.#
#.#


You could see an orc priest.

Vanquished Creatures
  2 orcs (D:3)
  4 ball pythons
  An endoplasm (D:1)
  4 hobgoblins
  8 jackals (D:1)
  2 quokkas
  2 frilled lizards (D:1)
  2 kobolds
  4 rats
29 creatures vanquished.

Notes
Turn   | Place    | Note
-------+----------+-------------------------------------------
     0 | D:1      | Acheron the Ghoul Brigand began the quest for the Orb.
     0 | D:1      | Reached XP level 1. HP: 17/17 MP: 0/0
    47 | D:1      | Reached skill level 1 in Dodging
    95 | D:1      | Reached XP level 2. HP: 21/24 MP: 1/1
   336 | D:1      | HP: 1/24 [constriction (1)]
   465 | D:1      | Reached skill level 5 in Stealth
   618 | D:1      | Reached XP level 3. HP: 30/30 MP: 2/2
   914 | D:2      | Learned a level 1 spell: Apportation
   931 | D:3      | Found a shimmering altar of Xom.
  1043 | D:3      | Found a sacrificial altar of Ru.
  1184 | D:3      | Slain by an orc priest

Illustrated notes

Levels and vault maps discovered:
D:1:      erik_arrival_triangle_medium, layout_loops_ring
D:2:      layout_basic, chequers_ecumenical_altar_lobes, nrook_mini_vaults
D:3:      layout_basic, palyth_temple_overflow_mages,
          mainiacjoe_overflow_catwalk, lemuel_crystal_altar
D:4:      layout_basic, roderic_batcave, grunt_ministairs_7, dk_rats_in_the_wall

Skill      XL: |  1  2  3 |
---------------+----------+-----
Dodging        | 1 |  1.3
Stealth        | 5 |  5.1
Throwing       | 2 |  2.0
Fighting       | |  2.4
Short Blades   | |  1.9
Axes           | |  0.1

Action                     || total
---------------------------++-------
  Melee: Dagger            ||    60
         Hand axe          ||    48
    Use: Scroll            ||     5
   Stab: Sleeping          ||     4
 Armour: Robe              ||    26
  Dodge: Dodged            ||    61
